[Event "*** Titled Tuesday 3|2 Blitz"]
[Site "Chess.com"]
[Date "2016.07.05"]
[Round "5"]
[White "Ksenia_Legenko"]
[Black "eltenedor"]
[Result "0-1"]
[WhiteElo "2049"]
[BlackElo "2022"]
[TimeControl "180+2"]
[EndTime "12:02:14 PDT"]
[Termination "eltenedor won by resignation"]

1. d4 d5 2. c4 dxc4 3. Nf3 Nf6 4. g3 Nc6 5. Bg2 e5 6. e3 exd4 7. Nxd4 Nxd4 8. exd4 Bb4+ 9. Nc3 O-O 10. O-O Qd6 11.
Bf4 Qb6 12. Be5 Bg4 13. Qc2 c5 14. Na4 Qb5 15. a3 Ba5 16. Nxc5 Nd7 17. a4 Qb4 18.
Bd6 Nxc5 19. Bxc5 Qb3 20. Qxb3 cxb3 21. Bxf8 Kxf8 22. Bxb7 Rb8 23. Bg2 Bf5 24. Rfe1 Bxe1 25. Rxe1 Rb4 26. h3 Rxd4 27. g4 Bd7 28. a5 Rd2 29.
Bd5 Rxb2 30. Re3 Ba4 31. a6 Rb1+ 32. Kh2 b2 33. Ra3 Rh1+ 34. Bxh1 b1=Q 35. Rxa4 Qb8+ 36.
Kg1 Qb1+ 37. Kh2 Qb8+ 38. Kg1 Qc7 39. Bb7 Qc1+ 40. Kh2 Qc2 41. Rf4 Qc7 42. g5 Qxf4+ 0-1

[Event "*** Titled Tuesday 3|2 Blitz"]
[Site "Chess.com"]
[Date "2016.07.05"]
[Round "5"]
[White "FearlessKing64"]
[Black "oggy1984"]
[Result "1-0"]
[WhiteElo "2124"]
[BlackElo "2288"]
[TimeControl "180+2"]
[EndTime "12:02:20 PDT"]
[Termination "FearlessKing64 won by resignation"]

1. e4 c6 2. d4 d5 3. e5 c5 4. c3 Nc6 5. f4 Bf5 6. Bd3 Bxd3 7.
Qxd3 e6 8. a3 Qb6 9. Nf3 Nh6 10.
dxc5 Bxc5 11. b4 Bf2+ 12. Ke2 Ng4 13. Rf1 O-O-O 14. h3 h5 15. hxg4 hxg4 16. Rxf2 gxf3+ 17. gxf3 d4 18. c4 Rh1 19. Bb2 g5 20. Nd2 Rxa1 21.
Bxa1 gxf4 22. c5 Qc7 23. Nc4 Nxe5 24. Nxe5 Qxe5+ 25. Kd1 Qe3 26. Rd2 Qg1+ 27. Kc2 Qxa1 28. c6 Qa2+ 29. Kd1 Qd5 30. cxb7+ Kxb7 31. Rc2 e5 32. Rc5 Qd6 33. Qb5+ Qb6 34. Qc4 Rd7 35. Rb5 d3 36. Rxb6+ axb6 37. Qe4+ Kc7 38. Qxe5+ Kb7 39. Kd2 Ka6 40. Qxf4 Kb5 41. Qf5+ Kc6 42. b5+ Kc7 43. Qe5+ Kc8 44. a4 Kb7 45. f4 Kc8 46. f5 Kb7 47. f6 Kc8 48. Qe8+ Kc7 49. Qe5+ Kc8 50. Qe4 Kc7 51. Qc6+ Kd8 52. Qxb6+ 1-0

[Event "*** Titled Tuesday 3|2 Blitz"]
[Site "Chess.com"]
[Date "2016.07.05"]
[Round "5"]
[White "PowerThinking2650"]
[Black "olgerts_indricans"]
[Result "1-0"]
[WhiteElo "2155"]
[BlackElo "2325"]
[TimeControl "180+2"]
[EndTime "12:02:23 PDT"]
[Termination "PowerThinking2650 won by checkmate"]

1. e4 c5 2. Nc3 a6 3. g3 b5 4. Bg2 Bb7 5. d3 g6 6. h4 h6 7. f4 Nc6 8. h5 e6 9. hxg6 fxg6 10. Nf3 Qe7 11. Nh4 Qf7 12. e5 Be7 13. Ne4 O-O-O 14.
Be3 g5 15. Nf3 Nd4 16. c3 Nxf3+ 17. Qxf3 Kb8 18. Qf2 gxf4 19. gxf4 d5 20. Nxc5 Bxc5 21. Bxc5 Ne7 22. O-O-O Rc8 23. Bxe7 Qxe7 24. Kb1 h5 25. Rh4 Rcg8 26. Rdh1 Qf7 27. Bf1 Rh6 28. R1h2 Qf5 29. a3 Rg4 30. Ka2 Rxh4 31. Qxh4 Rh8 32. d4 Bc8 33. Bh3 Qe4 34. Qf6 Re8 35. Qf7 Rd8 36.
Rg2 h4 37. Rg7 Rd7 38. Qf8 Rxg7 39. Qxg7 Qxf4 40. Qe7 Qg3 41. Bxe6 Bxe6 42. Qxe6 h3 43. Qd6+ Kb7 44. Qd7+ Kb6 45. e6 h2 46. e7 Qd3 47.
Qd6+ Kb7 48. Qxd5+ Kb6 49. e8=Q Qg3 50. Qed8+ Ka7 51.
Q5a8# 1-0

[Event "*** Titled Tuesday 3|2 Blitz"]
[Site "Chess.com"]
[Date "2016.07.05"]
[Round "5"]
[White "underdogchss"]
[Black "SmoothAsAHedgehog"]
[Result "0-1"]
[WhiteElo "2338"]
[BlackElo "2503"]
[TimeControl "180+2"]
[EndTime "12:02:37 PDT"]
[Termination "SmoothAsAHedgehog won by resignation"]

1. d4 Nf6 2. Nf3 e6 3. c4 d5 4. Nc3 Be7 5. Bg5 O-O 6. e3 h6 7. Bh4 Ne4 8. Bxe7 Qxe7 9. Rc1 c6 10. Bd3 Nxc3 11. Rxc3 Nd7 12. O-O dxc4 13. Rxc4 e5 14. Bb1 exd4 15. Qd3 Nf6 16. Nxd4 Rd8 17. Rfc1 Be6 18.
Rc5 Rd7 19. Qc2 Rad8 20. b4 Bd5 21. Qa4 a6 22. Qa3 Be4 23. Bxe4 Nxe4 24. R5c2 Nd6 25. Qa5 Nb5 26. h3 Nxd4 27. exd4 Rxd4 28. Qc5 Qe4 29.
Rf1 Rxb4 30. Qc3 Rbd4 31. Rcc1 R8d5 32. Qb3 Rg5 33. f3 Rd2 34. Rf2 Qd4 35. Rf1 Rxf2 36.
Rxf2 Rb5 37. Qc2 Rc5 38. Qb1 Qe3 39. Qe4 Rc1+ 40. Kh2 Qxf2 41. Qe8+ Kh7 42. Qxf7 Qg1+ 43. Kg3 Qe1+ 44. Kg4 Qe5 45. f4 Qf6 46. Qd7 Rc4 47. g3 Rc3 48. h4 h5+ 49. Kh3 Rc5 50. Qd3+ Qf5+ 51. Qxf5+ Rxf5 52. Kg2 Ra5 53. Kf3 Ra3+ 54. Ke4 Rxa2 55. Kf5 Ra5+ 56. Ke6 Rd5 0-1

[Event "*** Titled Tuesday 3|2 Blitz"]
[Site "Chess.com"]
[Date "2016.07.05"]
[Round "5"]
[White "FairChess_on_YouTube"]
[Black "VerdeNotte"]
[Result "1/2-1/2"]
[WhiteElo "2723"]
[BlackElo "2639"]
[TimeControl "180+2"]
[EndTime "12:02:40 PDT"]
[Termination "Game drawn by agreement"]

1. d4 g6 2. c4 Nf6 3. Nc3 Bg7 4. e4 O-O 5. Be3 c5 6. dxc5 Qa5 7. Bd3 Na6 8. e5 Ne8 9. Nf3 Nxc5 10. O-O Nxd3 11. Qxd3 d6 12. Nd5 dxe5 13. b4 Qd8 14.
Bc5 Nd6 15. Nxe7+ Qxe7 16. Bxd6 Rd8 17. c5 e4 18. Qe3 Qe6 19. Ng5 Qc4 20. Qxe4 Qxe4 21.
Nxe4 Bf5 22. Rae1 Re8 23. f3 Bd4+ 24. Kh1 Be6 25. Rd1 Bc4 26. Rxd4 Bxf1 27. Kg1 Bb5 28. Kf2 Kg7 29. g4 Bc6 30. Nc3 b5 31. cxb6 axb6 32.
b5 Bb7 33. a4 Rac8 34. Bb4 Red8 35. Rxd8 Rxd8 36. Ke3 Re8+ 37. Kf2 Rc8 38. g5 Rc4 39.
Be7 f5 40. Bf6+ Kf7 41. Ke3 Rh4 42. Bd4 f4+ 43. Kd3 Bxf3 44. Bxb6 Rxh2 45. a5 h6 46. Bd8 hxg5 47. Bxg5 Ke6 48. Bxf4 Rh4 49. Be3 Rb4 50. a6 Kd6 51. b6 Kc6 52. b7 Rxb7 53. axb7 Kxb7 54. Bf4 Kc6 55. Kd4 Bg4 56. Ne4 Bf5 57.
Ng5 Kb5 1/2-1/2

[Event "*** Titled Tuesday 3|2 Blitz"]
[Site "Chess.com"]
[Date "2016.07.05"]
[Round "5"]
[White "ilya261991"]
[Black "TheLancer"]
[Result "1-0"]
[WhiteElo "2454"]
[BlackElo "2463"]
[TimeControl "180+2"]
[EndTime "12:02:47 PDT"]
[Termination "ilya261991 won on time"]

1. d4 Nf6 2. c4 e6 3. Nf3 Bb4+ 4. Nbd2 O-O 5. a3 Bxd2+ 6. Bxd2 d6 7. g3 Nbd7 8. Bg2 Qe7 9. O-O e5 10. b4 c5 11.
dxc5 dxc5 12. Qc2 h6 13. Nh4 e4 14. Nf5 Qe5 15. Ne3 Qh5 16. Bc3 Re8 17. Rad1 Ne5 18. Rd6 Be6 19. bxc5 Rac8 20. Qb2 Nxc4 21. Nxc4 Bxc4 22. Bxf6 gxf6 23. Rxf6 Qe5 24. Qxe5 Rxe5 25. Rb1 Rexc5 26. Bxe4 Ba6 27. Bf3 Rc1+ 28. Rxc1 Rxc1+ 29. Kg2 Kg7 30. Rf4 Rc2 31. Re4 Ra2 32. Re3 Rd2 33. g4 Kf6 34. h4 b6 35. Kg3 Bc4 36. Kf4 Rd4+ 37. Re4 Rxe4+ 38. Kxe4 Be6 39. e3 Kg6 40. Ke5 Bb3 41. Be4+ Kg7 42. g5 hxg5 43. hxg5 Ba2 44. f4 Bb3 45. Bd3 Bd1 46. Ba6 Bf3 47. f5 Bg4 48. Kf4 Bd1 49. e4 f6 50. gxf6+ Kxf6 51. e5+ Kf7 52. Bc4+ Kf8 53. f6 Bh5 54. Ba6 Bd1 55.
e6 Ba4 56. Ke5 Ke8 57. Kd6 Kf8 58. Bd3 Be8 59. Kc7 1-0

[Event "*** Titled Tuesday 3|2 Blitz"]
[Site "Chess.com"]
[Date "2016.07.05"]
[Round "5"]
[White "fireheart92"]
[Black "stefanodinn"]
[Result "0-1"]
[WhiteElo "1706"]
[BlackElo "2262"]
[TimeControl "180+2"]
[EndTime "12:02:51 PDT"]
[Termination "stefanodinn won by resignation"]

1. e4 c5 2. Nf3 d6 3. d4 cxd4 4. Nxd4 Nf6 5. Nc3 a6 6. Bg5 Nbd7 7. Bc4 e6 8. Qe2 h6 9. Bh4 Ne5 10. Bb3 g5 11. Bg3 Bg7 12. O-O-O Qe7 13. h4 Bd7 14. hxg5 hxg5 15. Rxh8+ Bxh8 16. Qd2 O-O-O 17. Qxg5 Rg8 18. Qh4 Bg7 19. Bxe5 dxe5 20. Nf3 Rh8 21. Qg3 Bh6+ 22. Kb1 Bf4 23. Qg7 Rh7 24. Qxh7 Nxh7 25. g3 Bh6 26. Nxe5 Be8 27. Nc4 Bg7 28. e5 Bc6 29. f4 Nf8 30. a4 Kc7 31. a5 Nd7 32. Nd6 f6 33. exf6 Bxf6 34. Nde4 Bxc3 35. Nxc3 Nc5 36. Bc4 Qg7 37. Ne2 Bf3 38. Re1 Bxe2 39. Rxe2 Qxg3 40. Bxe6 Nxe6 41.
Rxe6 Qxf4 42. Rb6 Qa4 43. b4 Qa3 44. c4 Qb3+ 45. Ka1 Qxc4 46. Kb2 Qd3 47. Ka2 Qc3 48. Kb1 Qb3+ 49. Kc1 Kc8 50. Kd2 Kc7 51. Kc1 Qa2 52. Kd1 Qb2 53. Ke1 Qc2 54. Kf1 Qd2 55.
Kg1 Qd4+ 56. Kf1 Qxb6 57. axb6+ Kxb6 58. Ke2 Kb5 59. Kd3 Kxb4 0-1

[Event "*** Titled Tuesday 3|2 Blitz"]
[Site "Chess.com"]
[Date "2016.07.05"]
[Round "5"]
[White "bilelou"]
[Black "Aguiar94"]
[Result "1-0"]
[WhiteElo "2268"]
[BlackElo "2467"]
[TimeControl "180+2"]
[EndTime "12:02:57 PDT"]
[Termination "bilelou won on time"]

1. d4 Nf6 2. c4 e6 3. Nf3 b6 4. g3 Ba6 5. Qa4 Bb7 6. Bg2 c5 7. dxc5 bxc5 8. O-O Be7 9. Nc3 O-O 10. Rd1 Qb6 11.
Bf4 d6 12. Rab1 Bc6 13. Qc2 Rd8 14. a3 Ne8 15. b4 h6 16. b5 Bb7 17. a4 g5 18. Bd2 Nd7 19. a5 Qc7 20. h4 g4 21. Ne1 Kg7 22. Bxb7 Qxb7 23. Ng2 Nef6 24. Bf4 Ne5 25. Bxe5 dxe5 26. a6 Qc7 27. Ne4 Ne8 28. Ne3 f5 29. Nc3 Rd4 30. Ncd5 exd5 31. Nxf5+ Kf6 32. Nxd4 cxd4 33. Qh7 dxc4 34. Qxh6+ Kf7 35. Qh5+ Kf8 36. Qxg4 c3 37. Qf3+ Bf6 38. Qxa8 c2 39. Qc6 cxd1=Q+ 40. Rxd1 Qxc6 41. bxc6 Nc7 42. Rb1 Nxa6 43.
Rb7 Bd8 44. Rxa7 Nc7 45. Kg2 Ke7 46. h5 Kd6 47. h6 Bf6 48. h7 Kxc6 49. g4 e4 50. g5 Bg7 51. g6 Kb6 52. Ra1 Ne6 53. Kg3 Nf8 54. Kf4 e3 55. fxe3 Nxg6+ 56. Kg5 Nf8 57.
Rh1 Bh8 58. exd4 Ne6+ 59. Kg6 Nxd4 60. e4 Kc7 61. Kf7 Nc6 62. Rh5 Kd6 63. Kg8 Bc3 64. e5+ 1-0

[Event "*** Titled Tuesday 3|2 Blitz"]
[Site "Chess.com"]
[Date "2016.07.05"]
[Round "5"]
[White "Astaneh"]
[Black "ajkom197"]
[Result "1-0"]
[WhiteElo "2470"]
[BlackElo "2237"]
[TimeControl "180+2"]
[EndTime "12:03:17 PDT"]
[Termination "Astaneh won by checkmate"]

1. d4 Nf6 2. c4 g6 3. Nf3 Bg7 4. g3 d6 5. Bg2 O-O 6. O-O c6 7. Nc3 Nbd7 8. e4 e5 9. d5 cxd5 10. cxd5 a6 11. h3 b5 12. Ne1 Bb7 13. Nd3 Rc8 14.
Be3 Nh5 15. a4 bxa4 16. Qxa4 f5 17. Qb4 f4 18. Qxb7 fxe3 19. Kh2 exf2 20. Rxf2 Rxf2 21.
Nxf2 Rb8 22. Qxa6 Rxb2 23. Ncd1 Rb6 24. Qa5 Qg5 25. Ra3 Bf8 26. Rf3 Nhf6 27. Ne3 Rb3 28. Qd2 Bh6 29. Nfd1 Nh5 30. Qc2 Rb8 31. Ng4 Bf8 32.
Qc7 Qd8 33. Qxd8 Rxd8 34. h4 Be7 35. Bh3 Ndf6 36. Nxf6+ Nxf6 37. Nf2 Rb8 38. Be6+ Kg7 39.
Kh3 Rb4 40. g4 Nxe4 41. Nxe4 Rxe4 42. Rf7+ Kh8 43. Rxe7 Re3+ 44. Kg2 Re2+ 45. Kf3 Rb2 46. g5 Rb8 47. Kg4 Rb4+ 48. Kf3 Rb3+ 49. Ke4 Rb4+ 50.
Kd3 Rb8 51. Kc4 Ra8 52. Kb5 e4 53. Kc4 Rb8 54. Kd4 Rb4+ 55. Ke3 h5 56. gxh6 Rb3+ 57. Kxe4 Rb1 58. Kf4 Rf1+ 59. Kg5 Rg1+ 60. Kf6 Rf1+ 61.
Kg5 Rg1+ 62. Bg4 Rg2 63. Re6 Kh7 64. Rxd6 Rd2 65. Rd7+ Kg8 66. h7+ Kh8 67. Kh6 Rxd5 68. Rxd5 g5 69. Rd8# 1-0

[Event "*** Titled Tuesday 3|2 Blitz"]
[Site "Chess.com"]
[Date "2016.07.05"]
[Round "5"]
[White "wnstop"]
[Black "twofoxniel"]
[Result "1/2-1/2"]
[WhiteElo "2372"]
[BlackElo "2513"]
[TimeControl "180+2"]
[EndTime "12:03:33 PDT"]
[Termination "Game drawn by repetition"]

1. e4 d5 2. exd5 Nf6 3. Nf3 Nxd5 4. d4 Bf5 5. Nh4 Bc8 6. Nf3 Bf5 7. Nh4 Bd7 8. c4 Nb6 9. Nf3 g6 10. Nc3 Bg7 11. c5 Nc8 12. Bc4 O-O 13. h3 Nc6 14. O-O Bf5 15. Be3 Qd7 16. g4 Bxg4 17. hxg4 Qxg4+ 18. Kh1 e5 19. d5 Nd4 20. Nh2 Qd7 21. Bxd4 exd4 22. Ne2 b5 23. Bb3 Qe7 24. Rc1 Qe4+ 25. f3 Qh4 26. Qe1 Qh6 27. Rd1 Re8 28.
Qf2 Re5 29. Nxd4 Rh5 30. f4 Ne7 31. d6 Bxd4 32. Rxd4 Nf5 33. Rd3 cxd6 34. cxd6 Rd8 35. d7 Rh4 36. a4 a6 37. axb5 axb5 38. Bd1 Kg7 39. Kg1 Kg8 40. Bg4 Ne7 41. Qg2 f5 42. Bd1 Rxf4 43. Bb3+ Kf8 44. Rxf4 Qxf4 45. Nf1 Qc7 46.
Qd2 Nc6 47. Rd6 Ne5 48. Qd5 Qa7+ 49. Kg2 Rxd7 50. Qxe5 Qb7+ 51. Kg3 Rxd6 52. Qxd6+ Qe7 53. Qb8+ Kg7 54. Qxb5 Qg5+ 55. Kf2 Qf4+ 56. Ke2 Qe4+ 57. Ne3 f4 58. Qd7+ Kh6 59. Qh3+ Kg7 60. Qf3 Qe5 61. Qb7+ Kh6 62. Qh1+ Kg7 63. Qb7+ Kh6 64. Qh1+ Kg5 65. Qg1+ Kh6 66. Qh1+ Kg7 67. Qb7+ 1/2-1/2

[Event "*** Titled Tuesday 3|2 Blitz"]
[Site "Chess.com"]
[Date "2016.07.05"]
[Round "5"]
[White "GianmarcoVaR"]
[Black "Boryboy"]
[Result "1-0"]
[WhiteElo "2389"]
[BlackElo "2509"]
[TimeControl "180+2"]
[EndTime "12:03:34 PDT"]
[Termination "GianmarcoVaR won by resignation"]

1. d4 e6 2. c4 d5 3. g3 Nf6 4. Bg2 dxc4 5. Nf3 Bb4+ 6. Bd2 a5 7. Qc2 Bxd2+ 8. Qxd2 c6 9. a4 Ne4 10. Qc2 Nd6 11.
Ne5 Na6 12. Na3 Nb4 13. Qd2 O-O 14. O-O b6 15. Rfc1 Ba6 16. Naxc4 Nxc4 17. Nxc4 Rc8 18.
Qf4 Nd5 19. Qe5 Bxc4 20. Rxc4 Qd7 21. Rac1 Rfd8 22. h4 h6 23. e3 Nb4 24. Qe4 c5 25. dxc5 bxc5 26. Rxc5 Rxc5 27. Rxc5 Qxa4 28. Rc7 Qd1+ 29.
Kh2 Nd5 30. Rb7 Nf6 31. Qf4 e5 32. Qf5 h5 33. Bf3 Qd2 34. Bxh5 Rf8 35. Kg2 a4 36.
Bf3 Qd6 37. g4 Re8 38. g5 e4 39. gxf6 exf3+ 40. Qxf3 g6 41. Re7 Rxe7 42. fxe7 Qxe7 43. Qa8+ Kh7 44. Qxa4 Qb7+ 45. Kg3 Qxb2 46. Qf4 Kg8 47. h5 gxh5 48. Qg5+ Kf8 49. Qd8+ Kg7 50. Qg5+ Kf8 51. Qh6+ Ke8 52. Qxh5 Qa1 53. Kf4 Qb2 54. Qe5+ Qxe5+ 55.
Kxe5 Ke7 56. Kf5 Kf8 57. Kf6 Ke8 58. e4 Kf8 59. e5 Ke8 60. f4 Kf8 61. f5 Ke8 62. e6 Kf8 63. Ke5 Ke7 64. f6+ Ke8 65. Kd6 Kf8 66. e7+ Ke8 67. Ke5 Kd7 68. Kf5 Ke8 69.
Kg5 Kd7 70. Kh6 1-0

[Event "*** Titled Tuesday 3|2 Blitz"]
[Site "Chess.com"]
[Date "2016.07.05"]
[Round "5"]
[White "Matibar"]
[Black "FCChelsea14"]
[Result "1-0"]
[WhiteElo "2584"]
[BlackElo "2407"]
[TimeControl "180+2"]
[EndTime "12:03:47 PDT"]
[Termination "Matibar won by resignation"]

1. g3 d5 2. Bg2 Nf6 3. d3 c6 4.
f4 g6 5. Nf3 Bg7 6. O-O O-O 7. e3 Bg4 8. Nbd2 Qc8 9. Qe1 Bh3 10.
e4 dxe4 11. dxe4 Bxg2 12. Kxg2 Nbd7 13. e5 Nd5 14. Nc4 N7b6 15. Nxb6 axb6 16. c4 Nc7 17. Be3 b5 18. cxb5 Nxb5 19. Qb4 Re8 20. Qb3 Nc7 21.
Rfd1 Nd5 22. Bf2 h6 23. Rac1 Qd7 24. Rd4 Kh7 25. a3 f6 26. Re1 f5 27. e6 Qc7 28. Rd2 Red8 29. Bd4 Bxd4 30. Rxd4 Qb6 31. Qc2 Rd6 32. Rd3 Rad8 33. Rb3 Qc7 34. Re2 Nf6 35.
Rbe3 Ne4 36. Rxe4 fxe4 37. Qxe4 Rf8 38. h4 Kg7 39. h5 gxh5 40. Nh4 Rf6 41. Nf5+ Kf8 42.
Nxd6 Qxd6 43. f5 Qc5 44. Rf2 Kg7 45. Qf4 Qd5+ 46. Kh2 Kh7 47. a4 Qc5 48. b4 Qc3 49.
Qc7 Qxb4 50. a5 h4 51. Qe5 Qg4 52. gxh4 Qxh4+ 53. Kg2 Qg5+ 54. Kf1 Qc1+ 55. Ke2 Qc2+ 56. Ke3 Qb3+ 57. Kf4 Qb4+ 58. Kg3 Rf8 59. Kh3 Rg8 60. Rg2 Rxg2 61. Kxg2 Qg4+ 62. Kf2 h5 63. f6 Qh4+ 64. Ke3 Qh3+ 65. Kd4 Qg4+ 66. Kc5 Qg1+ 67. Qd4 Qxd4+ 68. Kxd4 exf6 69. e7 h4 70. e8=Q h3 71. Qh5+ 1-0

[Event "*** Titled Tuesday 3|2 Blitz"]
[Site "Chess.com"]
[Date "2016.07.05"]
[Round "5"]
[White "josiwales"]
[Black "BellJackson95"]
[Result "0-1"]
[WhiteElo "2114"]
[BlackElo "2198"]
[TimeControl "180+2"]
[EndTime "12:03:57 PDT"]
[Termination "BellJackson95 won by resignation"]

1. e4 e5 2. Nf3 Nc6 3. Bc4 Nf6 4. Ng5 d5 5. exd5 Na5 6. Bb5+ c6 7. dxc6 bxc6 8. Qf3 Be7 9. Bxc6+ Nxc6 10. Qxc6+ Bd7 11. Qc4 O-O 12. Nc3 Rc8 13. Qe2 Ng4 14. Nf3 Bd6 15. h3 Nh6 16. d3 Nf5 17. O-O Re8 18. Ne4 Bb8 19. Bg5 f6 20. Be3 Bc6 21. Rad1 Nd4 22. Bxd4 exd4 23. Qd2 f5 24. Ng3 Bxf3 25. gxf3 f4 26.
Ne4 Qh4 27. Kh2 Re6 28. Rg1 Rh6 29. Ng5 Rc5 30. Rg4 Qh5 31. Qb4 Bd6 32. Qb3+ Kf8 33. Ne6+ Ke7 34. Rxg7+ Kf6 35. Rf7+ Qxf7 36. Nxc5 Bxc5 37.
Qxf7+ Kxf7 38. Re1 Rb6 39. b3 Bd6 40. Re4 Bc5 41.
Rxf4+ Ke6 42. Re4+ Kd5 43. a4 Rg6 44. Rg4 Re6 45.
Re4 Rf6 46. Kg3 Bd6+ 47. Kg4 h5+ 48. Kxh5 Rxf3 49. Re2 Rxh3+ 50. Kg4 Rh1 51. Kf5 Rh8 52. Kf6 Rf8+ 53. Kg7 Rf3 54. Kg6 a5 55. Kg5 Rf8 56. Kg6 Rc8 57. Kf5 Rf8+ 58. Kg6 Rc8 59. Kf5 Rg8 60. Kf6 Rg4 61. Kf5 Rf4+ 62. Kg5 Kc5 63.
Kg6 Kb4 64. Kg5 Rf8 65. Kg4 Kc3 66. f3 Bf4 67. Kh5 Bd2 68. Re5 Kxc2 69. Rxa5 Bxa5 0-1

[Event "*** Titled Tuesday 3|2 Blitz"]
[Site "Chess.com"]
[Date "2016.07.05"]
[Round "5"]
[White "LyonBeast"]
[Black "LazovT"]
[Result "1/2-1/2"]
[WhiteElo "2728"]
[BlackElo "2312"]
[TimeControl "180+2"]
[EndTime "12:06:01 PDT"]
[Termination "Game drawn by repetition"]

1. c4 Nf6 2. Nc3 e5 3. g3 c6 4. Nf3 Bd6 5. Bg2 O-O 6. d4 exd4 7. Nxd4 Bc7 8. O-O Re8 9. e4 Na6 10. Re1 Nc5 11. b4 Na6 12. Rb1 d6 13. b5 Nc5 14.
bxc6 Ba5 15. Bd2 Ng4 16. cxb7 Nxb7 17. Rxb7 Qf6 18. Nf5 Bxb7 19. Nd5 Bxd5 20. Bxa5 Bxe4 21. Bxe4 Rxe4 22. Rxe4 Qxf5 23. Qe2 Nf6 24. Rd4 Qxa5 25. Rxd6 Re8 26. Qc2 Qe1+ 27. Kg2 Re2 28. Rd8+ Ne8 29. Qf5 Re7 30. c5 g6 31. Qf3 Kg7 32. c6 Nc7 33.
Rd7 Qe6 34. Rd4 Nb5 35. Rb4 Nc7 36. Rb7 Qd6 37. Rxa7 Re6 38. Qc3+ Rf6 39. Ra5 Qxc6+ 40. Qxc6 Rxc6 41. a4 Ra6 42. Rc5 Ne6 43. Rc4 Kf6 44. Kf3 Ke5 45. Ke3 f5 46. Kd2 Kd5 47. Kc3 Nc5 48. Rd4+ Kc6 49. Rd8 Nxa4+ 50. Kd4 Nb6 51. Rh8 Ra7 52. Ke5 Rd7 53. h3 Nd5 54. Rc8+ Nc7 55.
Rh8 Rf7 56. h4 Kd7 57. f3 Ke7 58. g4 fxg4 59. fxg4 Ne8 60. g5 Rf5+ 61. Ke4 Rf7 62. Ke5 Rg7 63. Kf4 Kf7 64. Ke5 Ke7 65. Kf4 Nd6 66. Ra8 Ke6 67. Kg4 Rb7 68. Rh8 Kd5 69. h5 Nf7 70. Rf8 Ne5+ 71. Kh4 Rb4+ 72. Kh3 gxh5 73.
Rf6 Rb7 74. Kh4 Ng6+ 75. Kxh5 Ke5 76. Kh6 Re7 77. Rf1 Ke6 78. Rf6+ Kd7 79. Rf1 Ke8 80. Rf6 Nf8 81. Ra6 Kf7 82. Rf6+ Kg8 83. Rf1 Rg7 84.
Ra1 Rg6+ 85. Kh5 Ne6 86. Ra8+ Kg7 87. Ra7+ Kh8 88. Ra8+ Rg8 89. Ra5 Nf4+ 90. Kg4 Ng6 91. Kh5 Rf8 92. Kh6 Ne5 93. Rxe5 Rg8 94. Re6 Rf8 95. Re7 Kg8 96. Rg7+ Kh8 97. Rxh7+ Kg8 98. g6 Rf1 99. Rg7+ Kh8 100. Rf7 Rh1+ 101. Kg5 Rg1+ 102. Kh6 Rh1+ 103. Kg5 Rg1+ 104. Kh6 Rh1+ 105. Kg5 Rg1+ 106. Kh6 1/2-1/2

[Event "*** Titled Tuesday 3|2 Blitz"]
[Site "Chess.com"]
[Date "2016.07.05"]
[Round "6"]
[White "AdamHunt1"]
[Black "viditchess"]
[Result "0-1"]
[WhiteElo "2387"]
[BlackElo "2547"]
[TimeControl "180+2"]
[EndTime "12:08:40 PDT"]
[Termination "viditchess won by resignation"]

1. e4 c5 2. Nf3 Nc6 3. d4 cxd4 4.
Nxd4 Nf6 5. Nc3 e5 6. Ndb5 d6 7. Bg5 a6 8. Na3 b5 9. Bxf6 gxf6 10. Nd5 f5 11. c3 Bg7 12. Bd3 Be6 13. O-O O-O 14. Qh5 fxe4 15. Bxe4 f5 16. Bc2 Bxd5 17. Bxf5 h6 18. Qg6 Rf6 19. Qh7+ Kf8 20. Rad1 Bg8 0-1

[Event "*** Titled Tuesday 3|2 Blitz"]
[Site "Chess.com"]
[Date "2016.07.05"]
[Round "6"]
[White "Makalexa"]
[Black "bilelou"]
[Result "0-1"]
[WhiteElo "2172"]
[BlackElo "2274"]
[TimeControl "180+2"]
[EndTime "12:10:30 PDT"]
[Termination "bilelou won by checkmate"]

1. e4 c5 2. Nf3 d6 3. d4 cxd4 4. Nxd4 Nf6 5. Nc3 a6 6. Bg5 Nbd7 7. f4 Qc7 8. Qf3 b5 9. O-O-O Bb7 10. g4 e5 11. Nf5 g6 12. Bxf6 Nxf6 13. Bxb5+ axb5 14. Nxb5 Qb6 15. Nfxd6+ Bxd6 16. Nxd6+ Kf8 17. fxe5 Rxa2 18. b3 Qc5 19. Qxf6 Qxc2# 0-1

[Event "*** Titled Tuesday 3|2 Blitz"]
[Site "Chess.com"]
[Date "2016.07.05"]
[Round "6"]
[White "Er_is_geen_hoop_meer"]
[Black "rikyshi"]
[Result "1-0"]
[WhiteElo "2341"]
[BlackElo "2116"]
[TimeControl "180+2"]
[EndTime "12:10:38 PDT"]
[Termination "Er_is_geen_hoop_meer won by resignation"]

1. b4 d5 2. Bb2 e6 3. e3 Nf6 4. b5 c5 5. c4 Be7 6. g4 O-O 7.
g5 Ne4 8. d3 Nd6 9. h4 f6 10.
g6 hxg6 11. h5 g5 12. h6 g6 13. h7+ Kh8 14. Nf3 Rf7 15. Nxg5 Rg7 16. Bh3 e5 17. Ne6 Bxe6 18. Bxe6 Rxh7 19. Rxh7+ Kxh7 20. Bxd5 Nd7 21. f4 Qf8 22. Qg4 Rd8 23. Nd2 f5 24. Qh3+ Qh6 25. Qxh6+ Kxh6 26. fxe5 Bh4+ 27. Ke2 Ne8 28. Rh1 g5 29.
Nf3 Nb6 30. Bxb7 Nc7 31. Nxh4 gxh4 32. Rxh4+ Kg5 33. Rh7 Ne6 34. Bf3 f4 35. Re7 Nf8 36. exf4+ Kxf4 37. Rf7+ Kg3 38. Rxa7 Ne6 39. Re7 Nf4+ 40.
Ke3 Rxd3+ 41. Ke4 Rd2 42. Rg7+ Kh4 43. Kxf4 1-0

[Event "*** Titled Tuesday 3|2 Blitz"]
[Site "Chess.com"]
[Date "2016.07.05"]
[Round "6"]
[White "alturas_pacificas"]
[Black "Ginger_GM"]
[Result "0-1"]
[WhiteElo "2155"]
[BlackElo "2496"]
[TimeControl "180+2"]
[EndTime "12:10:42 PDT"]
[Termination "Ginger_GM won by resignation"]

1. d4 Nf6 2. Bf4 Rg8 3. h3 g5 4. Bh2 d6 5. Nc3 Bf5 6. f3 Bg6 7. e4 Nbd7 8. Bc4 e6 9. Nge2 c6 10. a4 a5 11. Qd2 d5 12. Bd3 Bb4 13. O-O dxe4 14. fxe4 Bxe4 15. Bxe4 Nxe4 16. Qe3 Nef6 17. Kh1 Qe7 18. Ne4 Nxe4 19. Qxe4 O-O-O 20. c3 f5 21. Qb1 Bd6 22. b4 Bxh2 23. Kxh2 axb4 24. cxb4 g4 25. b5 Qd6+ 26. Kh1 gxh3 27. g3 Qd5+ 0-1

[Event "*** Titled Tuesday 3|2 Blitz"]
[Site "Chess.com"]
[Date "2016.07.05"]
[Round "6"]
[White "Indianlad"]
[Black "fireheart92"]
[Result "0-1"]
[WhiteElo "2565"]
[BlackElo "1859"]
[TimeControl "180+2"]
[EndTime "12:10:58 PDT"]
[Termination "fireheart92 won by checkmate"]

1. Nf3 Nf6 2. e3 g6 3. b3 Bg7 4. Bb2 O-O 5. Be2 d6 6. O-O e5 7. d3 Nc6 8. c4 Nh5 9. d4 f5 10.
dxe5 dxe5 11. Qc1 e4 12. Rd1 Qe7 13. Nd4 Nxd4 14. exd4 f4 15. Ba3 Qg5 16. Bxf8 Bxf8 17. Nc3 Nf6 18. g3 e3 19. h4 exf2+ 20. Kh1 Qxg3 21.
Bf1 Qg1# 0-1

[Event "*** Titled Tuesday 3|2 Blitz"]
[Site "Chess.com"]
[Date "2016.07.05"]
[Round "6"]
[White "rithwik2002"]
[Black "LyonBeast"]
[Result "0-1"]
[WhiteElo "1918"]
[BlackElo "2728"]
[TimeControl "180+2"]
[EndTime "12:11:02 PDT"]
[Termination "LyonBeast won by resignation"]

1. d4 g6 2. c4 Bg7 3. f3 d5 4.
cxd5 Qxd5 5. e3 Nf6 6. Nc3 Qa5 7. Bc4 O-O 8. Bd2 c6 9. Nge2 e5 10. Nd5 Qd8 11. Nxf6+ Qxf6 12. dxe5 Qh4+ 13. Ng3 Qxc4 14. Bc3 Na6 15. Qe2 Qxe2+ 16. Kxe2 Be6 17. b3 Rad8 18.
Rad1 Nc7 19. Ne4 Nd5 20. Bb2 b6 21. g4 Rd7 22. f4 Bxg4+ 0-1

[Event "*** Titled Tuesday 3|2 Blitz"]
[Site "Chess.com"]
[Date "2016.07.05"]
[Round "6"]
[White "LazovT"]
[Black "Zhani-Z"]
[Result "1/2-1/2"]
[WhiteElo "2311"]
[BlackElo "2271"]
[TimeControl "180+2"]
[EndTime "12:11:06 PDT"]
[Termination "Game drawn by agreement"]

1. e4 e5 2. Nf3 Nc6 3. d4 exd4 4. Nxd4 Bb4+ 5. c3 Bc5 6. Be3 Bb6 7. Nd2 Nf6 8. Bd3 O-O 9. O-O Ne5 10. Bc2 d5 11. exd5 Qxd5 12. h3 Ng6 13. Bb3 Qh5 14. Qxh5 Nxh5 15. N2f3 Bd7 16. Rad1 h6 17. Rfe1 Rad8 18.
Nc2 Nf6 19. Bxb6 axb6 20. Ne5 Nxe5 21. Rxe5 Rfe8 22. Rxe8+ Rxe8 23. Ne3 Kf8 1/2-1/2

[Event "*** Titled Tuesday 3|2 Blitz"]
[Site "Chess.com"]
[Date "2016.07.05"]
[Round "6"]
[White "josiwales"]
[Black "akinov-akinseye"]
[Result "0-1"]
[WhiteElo "2088"]
[BlackElo "1840"]
[TimeControl "180+2"]
[EndTime "12:11:08 PDT"]
[Termination "akinov-akinseye won by resignation"]

1. e4 d5 2. exd5 Qxd5 3. Nc3 Qd6 4. d4 Nf6 5. Nf3 g6 6. Bc4 Bg7 7. O-O O-O 8. Be3 a6 9. a4 b6 10. h3 Bb7 11. Ne5 Nc6 12. f4 Rad8 13. Ne2 Na5 14. Ba2 Nd5 15. Bf2 Nb4 16. Nc3 Nxa2 17. Rxa2 Nc6 18. Nf3 Nxd4 19. Nxd4 Bxd4 20. f5 Bxf2+ 21. Kxf2 Qh2 22. Qg4 Rd2+ 23. Ne2 Rxc2 24. Ra3 Bxg2 0-1